 Seeded DCSS version 0.25-a0-503-ge281fa6 (webtiles) character file.

Game seed: 1261219637004542875, levelgen mode: deterministic

36 Illumine the Twirler (level 3, 28/28 HPs)
             Began as a Formicid Wanderer on Jan 15, 2020.
             Quit the game on level 2 of the Dungeon on Feb 13, 2020.
             The game lasted 00:02:40 (1107 turns).

Illumine the Twirler (Formicid Wanderer)            Turns: 1107, Time: 00:02:40

Health: 28/28      AC:  3    Str: 18    XL:     3   Next: 57%
Magic:  3/3        EV: 12    Int:  9    God:
Gold:   76         SH:  0    Dex: 11    Spells: 2/2 levels left

rFire    . . .     SeeInvis +   a - +2 quarterstaff
rCold    . . .     Gourm    .   (no shield)
rNeg     . . .     Faith    .   d - +0 robe
rPois    .         Spirit   .   (helmet unavailable)
rElec    .         Reflect  .   p - +0 cloak
rCorr    .         Harm     .   (no gloves)
MR       .....                  (no boots)
Stlth    ++........             (no amulet)
HPRegen  0.09/turn              (no ring)
MPRegen  0.08/turn              (no ring)

@: no status effects
A: permanent stasis, dig shafts and tunnels, four strong arms, antennae 3
a: Dig, Shaft Self


You were on level 2 of the Dungeon.
You were hungry.

You visited 1 branch of the dungeon, and saw 2 of its levels.

You collected 76 gold pieces.

Inventory:

Hand Weapons
 a - a +2 quarterstaff (weapon)
 j - a +0 hunting sling
 n - a +4 hunting sling
Missiles
 r - 14 stones (quivered)
Armour
 d - a +0 robe (worn)
 p - a +0 cloak (worn)
Scrolls
 e - 2 scrolls of enchant weapon {unknown}
 g - a scroll of noise {unknown}
 h - a scroll of amnesia {unknown}
 i - a scroll of immolation {unknown}
 k - 2 scrolls of identify {unknown}
 o - 2 scrolls of remove curse {unknown}
Potions
 b - a potion of lignification
 c - a potion of curing
 l - a potion of heal wounds {unknown}
 m - a potion of berserk rage {unknown}
 q - a potion of might {unknown}
 s - a potion of resistance {unknown}
Comestibles
 f - 3 rations


   Skills:
 + Level 2.9 Fighting
 + Level 4.3 Staves
 + Level 1.3 Dodging
 - Level 1.2 Stealth
   Level 1.2 Shields
 - Level 1.0 Unarmed Combat
   Level 1.1 Evocations


You had 2 spell levels left.
You didn't know any spells.
Your spell library was empty.

Dungeon Overview and Level Annotations

Branches:
Dungeon (2/15)

Altars:
Ashenzari
Uskayaw


Innate Abilities, Weirdness & Mutations

You cannot be hasted, slowed, berserked, paralysed or teleported.
You can dig through walls and to a lower floor.
Your four strong arms can wield two-handed weapons with a shield.
You have a pair of large antennae on your head. (SInv)


Message History

The kobold hits you with a +0 short sword.
You barely miss the kobold. The kobold barely misses you.
You hit the kobold.
The kobold is moderately wounded.
The kobold misses you.
You closely miss the kobold.
The kobold hits you with a +0 short sword.
You thump the kobold!
You kill the kobold!
Things that are here:
a +0 short sword; a kobold corpse
s - a murky inky potion You start resting.
You are feeling hungry.
f - 3 rations (gained 1) Key pressed, stopping explore.
Save game and exit?
Welcome back, Illumine the Formicid Wanderer.
Press ? for a list of commands and other information.
Are you sure you want to abandon this character and quit the game? (Confirm with "yes".)

####### #...........###......#
......# #..#####.......>..##.####
......###..#####.##.......##.....
.......<..............#......####
...........####..#.##.########
.).........####..#[##.#
........#........# . #
...#.##.#.#####.####..#
.....##.#.# #.@.....# ##.####.#.#
######.## .... ..... ##..# .....
.... ..... ...## ..... .....
#...#


There were no monsters in sight!

Vanquished Creatures
  An adder (D:2)
  An ooze (D:1)
  A dart slug (D:2)
  2 bats
  A goblin (D:1)
  3 hobgoblins (D:1)
  5 kobolds
  A ball python (D:2)
  A frilled lizard (D:1)
  4 rats
20 creatures vanquished.

Notes
Turn   | Place    | Note
-------+----------+-------------------------------------------
     0 | D:1      | Illumine the Formicid Wanderer began the quest for the Orb.
     0 | D:1      | Illumine set off with the following items: a +2
                  | quarterstaff, a potion of lignification, a potion of
                  | curing, a +0 robe, a ration
     0 | D:1      | Reached XP level 1. HP: 16/16 MP: 1/1
   168 | D:1      | Reached XP level 2. HP: 20/23 MP: 2/2
   243 | D:1      | Found a shattered altar of Ashenzari.
   642 | D:1      | Reached skill level 1 in Dodging
   813 | D:2      | Found a hide-covered altar of Uskayaw.
   827 | D:2      | Reached XP level 3. HP: 28/28 MP: 3/3
  1107 | D:2      | Upgraded the game from 0.25-a0-413-g3b4b6a4 to
                  | 0.25-a0-503-ge281fa6
  1107 | D:2      | Quit the game

Levels and vault maps discovered:
D:1:      onia_arrival_mini_spirals, layout_loops_cross,
          nicolae_ashenzari_panopticon
D:2:      layout_loops_cross, old_standard_altar, minivault_27,
          okawaru_altar_gauntlet_db

Skill      XL: |  1  2 |
---------------+-------+-----
Dodging        | 1 |  1.3
Fighting       | |  2.9
Staves         | |  4.3
Stealth        | |  1.2
Shields        | |  1.2
Unarmed Combat | |  1.0
Evocations     | |  1.1

Action                   || total
-------------------------++-------
Melee: Quarterstaff      ||    37
 Stab: Sleeping          ||     5
Armor: Robe              ||     4
Dodge: Dodged            ||    21

Table legend:
 A = Non-vault XP
 B = Vault XP
 C = Vault XP percentage of total XP
 D = Non-vault monster count
 E = Vault monster count
 F = Vault count percentage of total count
                 A         B        C        D         E       F
            +---------+---------+-------+---------+---------+-------
      Total |      52 |       0 |   0.0 |      20 |       0 |   0.0
            +---------+---------+-------+---------+---------+-------
        D:1 |      25 |       0 |   0.0 |      12 |       0 |   0.0
        D:2 |      27 |       0 |   0.0 |       8 |       0 |   0.0
            +---------+---------+-------+---------+---------+-------
